 Dungeon Crawl Stone Soup version 0.31.0-9-g3a7656b989 (webtiles) character file.

Game seed: 11736433893991564456

1670 Axelsxxd the Trooper (level 9, 0/62 HPs)
             Began as an Octopode Fighter on Feb 1, 2024.
             Was an Initiate of Gozag.
             Slain by a human
             ... wielding a +0 long sword
              (3 damage)
             ... on level 7 of the Dungeon.
             The game lasted 00:11:43 (6652 turns).

Axelsxxd the Trooper (Octopode Fighter)             Turns: 6652, Time: 00:11:44

Health: 0/62       AC:  1    Str: 19    XL:     9   Next: 1%
Magic:  14/14      EV: 13    Int: 10    God:    Gozag
Gold:   691        SH:  5    Dex: 12    Spells: 12/15 levels left

rFire   . .          .
                       - Unarmed
rCold   . . .        a - +0 buckler
rNeg    . . .        (helmet restricted)
rPois   +            (no amulet)
rElec   .            f - ring of willpower
rCorr   .            e - ring of poison resistance
SInv    .            (no ring)
Will    +....        (no ring)
Stlth   ++           (no ring)
HPRegen 0.30/turn    (no ring)
MPRegen 0.14/turn    (no ring)
                     (no ring)

%: no passive effects
@: hasted, very quick
A: almost no armour, amphibious, 8 rings, camouflage 1, gelatinous body 1,
(nimble swimmer 1), tentacles
a: Renounce Religion, Potion Petition, Call Merchant, Bribe Branch


You were on level 7 of the Dungeon.
You worshipped Gozag.
Gozag was pleased with you.
You visited 1 branch of the dungeon, and saw 7 of its levels.

You collected 886 gold pieces.
You spent 167 gold pieces at shops.
You paid 28 gold pieces to Gozag.

Inventory:

Armour
 a - a +0 buckler (worn)
Jewellery
 e - a ring of poison resistance (right tentacle)
 f - a ring of willpower (left tentacle)
 q - a ring of magical power
Talismans
 x - a storm talisman
Wands
 k - a wand of flame (6)
 E - a wand of acid (5)
Scrolls
 c - a scroll of enchant weapon
 j - 2 scrolls of immolation
 l - a scroll of amnesia
 n - a scroll of butterflies
 o - a scroll of blinking {unknown}
 p - 6 scrolls of teleportation
 t - a scroll of noise
 u - a scroll of revelation
 v - a scroll of fear {unknown}
 w - a scroll of brand weapon {unknown}
 y - 2 scrolls of enchant armour
 F - a scroll of poison {unknown}
Potions
 b - a potion of might
 d - a potion of experience {unknown}
 g - a potion of heal wounds
 h - a potion of brilliance {unknown}
 i - a potion of invisibility {unknown}
 m - a potion of curing
 r - a potion of haste
 s - 4 potions of enlightenment
 z - a potion of attraction {unknown}
 A - a potion of degeneration {unknown}
 B - a potion of ambrosia {unknown}
 C - a potion of cancellation {unknown}
 D - a potion of lignification {unknown}


   Skills:
 - Level 6.0 Fighting
 - Level 4.0 Dodging
 + Level 5.6 Shields
 - Level 5.0 Unarmed Combat
 + Level 3.7 Spellcasting
 + Level 4.3 Ice Magic
 - Level 2.0 Evocations


You had 12 spell levels left.
You knew the following spells:

 Your Spells              Type           Power      Damage    Failure   Level
a - Frozen Ramparts       Ice            20%        1d4       16%         3

Your spell library contained the following spells:

 Spells                   Type           Power      Damage    Failure   Level
 Stone Arrow              Conj/Erth      2%         3d7       67%         3
 Anguish                  Hex/Necr       0%         N/A       97%         4
 Cause Fear               Hex            0%         N/A       97%         4
 Leda's Liquefaction      Alch/Erth      0%         N/A       97%         4
 Petrify                  Alch/Erth      1%         N/A       97%         4
 Metabolic Englaciation   Hex/Ice        3%         N/A       98%         5
 Enfeeble                 Hex            0%         N/A       100%        7
 Lehudib's Crystal Spear  Conj/Erth      0%         10d2      100%        8
 Animate Armour           Summ/Erth      Unusable   N/A       N/A         4

Dungeon Overview and Level Annotations

Branches:
Dungeon (7/15)             Temple (0/1) D:4

Altars:
Fedhas
Gozag
Okawaru
Qazlal
Sif Muna
Wu Jian
Zin

Shops:
D:2 *   D:4 [

Portals:
Abyss: D:3

Annotations:
D:3 2 transporters, beef's ghost, weakling DrSh


Innate Abilities, Weirdness & Mutations

You cannot wear most types of armour.
You are amphibious.
You can wear up to eight rings at the same time.
Your skin changes colour to match your surroundings (Stealth+).
Your rubbery body absorbs attacks. (AC +1, EV +1)
((You are camouflaged when in or above water. (Stealth+)))
You have tentacles for arms and can constrict up to eight enemies at once.


Message History

You squeeze the human, but do no damage.
The human is lightly wounded.
The human hits you with a +0 long sword!
You barely miss the human. Your grab misses the human.
The human is lightly wounded.
The human barely misses you.
You tentacle-slap the human but do no damage.
You grab the human.
The human is lightly wounded.
You constrict the human, but do no damage.
The human hits you with a +0 long sword!
You are too injured to fight recklessly!
You tentacle-slap the human but do no damage.
The human is lightly wounded.
You constrict the human, but do no damage.
The human misses you.
Okay, then.
You feel yourself speed up.
You constrict the human. The human completely misses you.
You tentacle-slap the human. Your squeeze misses the human.
The human is moderately wounded.
You constrict the human, but do no damage.
Unknown command.
You tentacle-slap the human but do no damage.
You squeeze the human!
The human is severely wounded.
You constrict the human.
The human hits you with a +0 long sword!
* * * LOW HITPOINT WARNING * * *
You tentacle-slap the human but do no damage.
The human is severely wounded.
You constrict the human.
The human hits you with a +0 long sword!
* * * LOW HITPOINT WARNING * * *
You tentacle-slap the human.
The human is almost dead.
You constrict the human.
The human hits you with a +0 long sword.
You die...
Your body crumbles into a pile of gold.

#.....................##..
#.................###.....
#...........#.#...........
#.........................
##........................
#....######...#.###.......
#....#.. #.....# #..#....
#....#..###....###.....>..
#....#_pp@....## #........
#....#..###...###.........
##....#.. #...............
#.....######...#.#......<..
##...#.........#..#.........
#.........####.#........######
#.........##..........#
#.........##........###
#...................##


You could see 2 humans.

Vanquished Creatures
  A black bear (D:5)
  An ice beast (D:7)
  A sky beast (D:6)
  An ogre (D:5)
  2 kobold brigands
  2 bullfrogs
  2 scorpions
  4 wights
  A howler monkey (D:4)
  2 bombardier beetles
  5 hounds
  2 jellies
  An orc priest (D:7)
  A gnoll bouda (D:4)
  3 iguanas
  2 sleepcaps (D:4)
  5 gnolls
  4 adders
  A white imp (D:5)
  A ribbon worm (D:2)
  A dart slug (D:3)
  4 orcs
  4 ball pythons
  10 endoplasms
  4 giant cockroaches
  6 goblins
  6 hobgoblins
  4 jackals (D:4)
  25 kobolds
  9 quokkas
  2 bats
  3 frilled lizards (D:1)
  2 rats
122 creatures vanquished.

Notes
Turn   | Place    | Note
-------+----------+-------------------------------------------
     0 | D:1      | Axelsxxd the Octopode Fighter began the quest for the Orb.
     0 | D:1      | Reached XP level 1. HP: 16/16 MP: 1/1
    10 | D:1      | Noticed a brain worm
    10 | D:1      | Noticed a boulder beetle
    10 | D:1      | Noticed an anaconda
    10 | D:1      | Noticed a black bear
   101 | D:1      | Reached XP level 2. HP: 21/21 MP: 2/2
   194 | D:1      | Reached skill level 4 in Fighting
   247 | D:1      | Reached XP level 3. HP: 25/27 MP: 3/3
   959 | D:2      | Noticed a golden eye
   963 | D:2      | Found a faded altar of an unknown god.
   972 | D:2      | Noticed a great orb of eyes
   972 | D:2      | Noticed an eye of devastation
   972 | D:2      | Noticed an eye of devastation
  1089 | D:2      | Found an opulent altar of Gozag.
  1133 | D:2      | Reached XP level 4. HP: 33/33 MP: 4/4
  1371 | D:2      | Identified the +5 rapier of the Forgotten Curses {freeze,
                  | Str+3}
  1374 | D:2      | Found a transporter.
  1378 | D:2      | Found Xeasifrofes's Assorted Antiques.
  1382 | D:2      | Found a transporter.
  1472 | D:2      | Became a worshipper of Gozag Ym Sagoz the Greedy
  1819 | D:3      | Found an ornate altar of the Wu Jian Council.
  2045 | D:2      | Bought a white potion for 23 gold pieces
  2045 | D:2      | Bought a white potion for 23 gold pieces
  2045 | D:2      | Bought a fizzy inky potion for 23 gold pieces
  2045 | D:2      | Bought a scroll labelled UQITAU XIMO for 26 gold pieces
  2045 | D:2      | Bought a fizzy clear potion for 23 gold pieces
  2065 | D:3      | Noticed a small abomination
  2098 | D:3      | Found a transporter.
  2098 | D:3      | Found a one-way gate to the infinite horrors of the Abyss.
  2172 | D:3      | Reached skill level 1 in Evocations
  2233 | D:3      | Noticed beef's ghost (weakling DrSh)
  2291 | D:2      | Bought a scroll labelled VAMARO FEINN for 26 gold pieces
  2291 | D:2      | Bought a fizzy clear potion for 23 gold pieces
  2404 | D:3      | Found a transporter.
  2529 | D:3      | Found a stormy altar of Qazlal.
  2886 | D:4      | Found a staircase to the Ecumenical Temple.
  2905 | D:4      | Noticed a scorpion
  2912 | D:4      | Reached XP level 5. HP: 37/37 MP: 5/5
  2952 | D:4      | Reached XP level 6. HP: 32/43 MP: 6/6
  3049 | D:4      | Found Tisibai's Armour Shop.
  3896 | D:5      | Entered Level 5 of the Dungeon
  3908 | D:5      | Reached XP level 7. HP: 45/48 MP: 7/7
  4002 | D:5      | Reached skill level 5 in Shields
  4007 | D:5      | Reached skill level 5 in Unarmed Combat
  4146 | D:5      | Reached skill level 5 in Fighting
  4242 | D:5      | Learned a level 3 spell: Frozen Ramparts
  4726 | D:5      | Reached skill level 1 in Spellcasting
  4726 | D:5      | Reached skill level 1 in Ice Magic
  4731 | D:5      | Reached XP level 8. HP: 38/56 MP: 9/9
  5430 | D:6      | Found a blossoming altar of Fedhas.
  5577 | D:6      | Reached skill level 6 in Fighting
  5874 | D:6      | Found a shimmering blue altar of Sif Muna.
  5886 | D:6      | HP: 1/57 [something (6)]
  6270 | D:7      | Found a glowing silver altar of Zin.
  6569 | D:7      | Reached XP level 9. HP: 61/62 MP: 14/14
  6626 | D:7      | Found an iron altar of Okawaru.
  6651 | D:7      | HP: 3/62 [human/+0 long sword (11)]
  6652 | D:7      | Slain by a human

Illustrated notes

Levels and vault maps discovered:
D:1:      onia_arrival_zoo_common, layout_loops_ring
D:2:      layout_rooms, serial_shops, nicolae_shop_drivethru,
          hellmonk_ecumenical_altar_watching_god, basic_altar,
          grunt_ministairs_10
D:3:      layout_loops_corners, lemuel_round_altar,
          mainiacjoe_overflow_alcove_2, gammafunk_ghost_abyssal_escape,
          nrook_mini_backslash
D:4:      layout_basic, minmay_temple_entry_junction, serial_shops,
          nicolae_shop_real_fake_doors, chequers_serial_rivers_micro_b
D:5:      layout_cave_pools, moated_statue
D:6:      layout_loops_ring, mainiacjoe_overflow_chevrons,
          mainiacjoe_overflow_small_starburst
D:7:      layout_rooms, okawaru_humans,
          mainiacjoe_overflow_concentric_impassable,
          gammafunk_temple_overflow_elements, nicolae_have_a_lightning_rod

Skill      XL: |  1  2  3  4  5  6  7  8 |
---------------+-------------------------+-----
Fighting       | 4 5 6 |  6.0
Evocations     | 1 2 |  2.0
Unarmed Combat | 3 4 5 |  5.0
Dodging        | 4 |  4.0
Shields        | 4 5 |  5.6
Spellcasting   | 1 3 |  3.7
Ice Magic      | 1 4 |  4.3

Action                     |  1- 3 |  4- 6 |  7- 9 || total
---------------------------+-------+-------+-------++-------
  Melee: Unarmed           |    86 |   114 |   136 ||   336
         Constrict         |    20 |    28 |    31 ||    79
         Tentacles         |    16 |    31 |    40 ||    87
         Punch             |     5 |     6 |     9 ||    20
  Evoke: Wand              |       |       |     6 ||     6
    Use: Potion            |       |     1 |     6 ||     7
         Scroll            |       |     4 |     5 ||     9
   Stab: Sleeping          |     4 |     3 |     4 ||    11
         Distracted        |       |       |     2 ||     2
 Armour: Skin              |    27 |    43 |    65 ||   135
  Dodge: Dodged            |    26 |    58 |    57 ||   141
  Block: Buckler           |    12 |    28 |    19 ||    59
